 Dungeon Crawl Stone Soup version 0.23-a0-446-g036aa52d93 (webtiles) character file.

370 Hercules1031 the Chopper (level 6, -11/56 HPs)
             Began as a Deep Dwarf Fighter on Nov 18, 2018.
             Mangled by an ogre
             ... wielding a +0 giant club
              (17 damage)
             ... on level 5 of the Dungeon.
             The game lasted 00:09:19 (2360 turns).

Hercules1031 the Chopper (Deep Dwarf Fighter)       Turns: 2360, Time: 00:09:20

Health: -11/56     AC: 11    Str: 22    XL:     6   Next: 42%
Magic:  5/5        EV:  7    Int:  8    God:
Gold:   138        SH: 10    Dex: 12    Spells: 5/5 levels left

rFire    . . .     SeeInvis .   a - +0 war axe
rCold    . . .     Gourm    .   c - +0 shield
rNeg     . . .     Faith    .   g - +0 chain mail
rPois    .         Spirit   .   w - +0 helmet
rElec    .         Reflect  .   m - +0 cloak
rCorr    .         Harm     .   (no gloves)
MR       .....                  (no boots)
Stlth    ..........             (no amulet)
HPRegen  0.00/turn              (no ring)
MPRegen  0.09/turn              (no ring)

@: non-regenerating
A: damage resistance, heal wounds, sense surroundings 1, no regeneration
a: Heal Wounds


You were on level 5 of the Dungeon.
You were not hungry.

You visited 1 branch of the dungeon, and saw 5 of its levels.

You collected 138 gold pieces.

Inventory:

Hand Weapons
 a - a +0 war axe (weapon)
Armour
 b - a +0 scale mail
 c - a +0 shield (worn)
 g - a +0 chain mail (worn)
 m - a +0 cloak (worn)
 o - a scarf of repulsion
 w - a +0 helmet (worn)
Wands
 n - a wand of flame (18)
 u - a wand of polymorph (10)
Scrolls
 e - 2 scrolls of enchant weapon {unknown}
 i - 4 scrolls of identify {unknown}
 j - 2 scrolls of amnesia {unknown}
 k - 3 scrolls of teleportation {unknown}
 l - 2 scrolls of remove curse {unknown}
 q - a scroll of random uselessness {unknown}
 r - a scroll of fear {unknown}
 s - a scroll of magic mapping {unknown}
 v - a scroll of blinking {unknown}
Potions
 d - 3 potions of might
 h - 2 potions of flight {unknown}
 p - a potion of haste {unknown}
 t - 2 potions of curing {unknown}
Comestibles
 f - 6 rations


   Skills:
 + Level 3.4 Fighting
 + Level 4.7 Axes
 + Level 4.3 Armour
 * Level 3.1 Dodging
 + Level 4.4 Shields


You had 5 spell levels left.
You didn't know any spells.
Your spell library contained the following spells:

 Spells                   Type           Power        Failure   Level  Hunger
 Animate Skeleton         Necr           N/A          100%        1    ##.....
 Apportation              Tloc           #.....       100%        1    ##.....
 Confusing Touch          Hex            #.....       100%        1    ##.....
 Summon Small Mammal      Summ           #...         100%        1    ##.....


Dungeon Overview and Level Annotations

Branches:
Dungeon (4/15)
 Temple: D:4-7

Altars:
Vehumet

Shops:
D:5 ?

Annotations:
D:4 2 runed doors


Innate Abilities, Weirdness & Mutations

You are resistant to damage.
You can heal yourself by infusing magical energy.
You passively map a small area around you.
You do not regenerate.


Message History

You see here a jackal corpse.
Unknown command.
You miss the jackal. You block the jackal's attack.
You hit the jackal but do no damage. The jackal barely misses you.
You block the jackal's attack.
You hit the jackal.
You kill the jackal!
A phantom comes into view.
You hit the ogre.
The ogre is lightly wounded.
The ogre hits you with a +0 giant club!!
* * * LOW HITPOINT WARNING * * *
You block the ogre's attack.
You slash the ogre!
The ogre is heavily wounded.
You block the ogre's attack.
You hit the ogre.
The ogre is heavily wounded.
The ogre hits you with a +0 giant club!!
You die...

...############
#................
#................
,
#................
,
#..W.......$.....
#................
,
#....O†).........
#....@...........
#................
#................
#................
,
#...........#....
#......$......./.,
#.........#.∩.#..
,
.................
, #...........#...


You could see a phantom and an ogre.

Vanquished Creatures
  2 ogres (D:5)
  A worker ant (D:3)
  Robin (D:3)
  A howler monkey zombie (D:5)
  5 adders
  3 gnolls (D:2)
  An ooze (D:3)
  A worm (D:2)
  2 dart slugs (D:1)
  2 leopard geckos
  2 orcs (D:3)
  2 ball pythons
  6 bats
  3 giant cockroaches
  15 goblins
  5 hobgoblins
  4 jackals (D:5)
  7 kobolds
  A quokka (D:4)
  7 frilled lizards
  4 rats
75 creatures vanquished.

Notes
Turn   | Place    | Note
-------+----------+-------------------------------------------
     0 | D:1      | Hercules1031 the Deep Dwarf Fighter began the quest for the
                  | Orb.
     0 | D:1      | Reached XP level 1. HP: 20/20 MP: 1/1
   226 | D:1      | Reached XP level 2. HP: 27/27 MP: 2/2
   409 | D:1      | Reached XP level 3. HP: 28/33 MP: 3/3
   888 | D:2      | Reached skill level 1 in Dodging
   890 | D:2      | Reached XP level 4. HP: 18/40 MP: 3/3
  1537 | D:3      | Found a radiant altar of Vehumet.
  1691 | D:3      | Reached XP level 5. HP: 34/49 MP: 4/4
  1766 | D:3      | Noticed Robin
  1781 | D:3      | Killed Robin
  2169 | D:4      | Found a runed gate.
  2169 | D:4      | Found a runed gate.
  2331 | D:4      | You fall through a shaft!
  2331 | D:5      | Entered Level 5 of the Dungeon
  2331 | D:5      | Found Yllex's Magic Scroll Shop.
  2331 | D:5      | Noticed an ogre
  2336 | D:5      | Noticed an ogre
  2343 | D:5      | Killed an ogre
  2343 | D:5      | Reached XP level 6. HP: 45/56 MP: 5/5
  2360 | D:5      | Mangled by an ogre

Vault maps used:
D:1:      dpeg_arrival_shelter, nrook_campfire, st_stairs_11
D:2:      first_ration, kennysheep_generic_room_10
D:3:      fiery_altar_vehumet, uniq_robin
D:4:      elyvilon_altar_5, gammafunk_ghost_cemetery,
          kennysheep_cross_bottleneck
D:5:      minmay_general_purpose_star, nicolae_overflow_hidden_temple,
          serial_shops, nicolae_shop_stone, st_stairs_11

Skill      XL: |  1  2  3  4  5  6 |
---------------+-------------------+-----
Axes           | 3 4 |  4.7
Dodging        | 1 2 3 |  3.1
Fighting       | 3 |  3.4
Shields        | 4 |  4.4
Armour         | 4 |  4.3

Action                   |  1- 3 |  4- 6 || total
-------------------------+-------+-------++-------
Melee: War axe           |   133 |   159 ||   292
 Abil: Heal Wounds       |     1 |     2 ||     3
  Eat: Ration            |       |     2 ||     2
Armor: Chain mail        |    88 |    98 ||   186
Dodge: Dodged            |    38 |    60 ||    98
Block: Shield            |    80 |   110 ||   190

Table legend:
 A = Non-vault XP
 B = Vault XP
 C = Vault XP percentage of total XP
 D = Non-vault monster count
 E = Vault monster count
 F = Vault count percentage of total count
                 A         B        C        D         E       F
            +---------+---------+-------+---------+---------+-------
      Total |     489 |      40 |   7.6 |      61 |      14 |  18.7
            +---------+---------+-------+---------+---------+-------
        D:1 |      33 |      10 |  23.3 |      17 |       5 |  22.7
        D:2 |      64 |       1 |   1.5 |      15 |       1 |   6.2
        D:3 |     119 |      29 |  19.6 |      17 |       8 |  32.0
        D:4 |      21 |       0 |   0.0 |       5 |       0 |   0.0
        D:5 |     252 |       0 |   0.0 |       7 |       0 |   0.0
            +---------+---------+-------+---------+---------+-------
